 Dungeon Crawl Stone Soup version 0.25-a0-734-g73332ae (webtiles) character file.

Game seed: 3809422676836404605, levelgen mode: deterministic

10 BlueFish the Magician (level 2, 0/19 HPs)
             Began as a Mummy Wizard on Apr 10, 2020.
             Slain by a leopard gecko (3 damage)
             ... on level 2 of the Dungeon.
             The game lasted 00:00:58 (272 turns).

BlueFish the Magician (Mummy Wizard)                 Turns: 272, Time: 00:00:58

Health: 0/19       AC:  2    Str: 10    XL:     2   Next: 10%
Magic:  2/7        EV: 12    Int: 17    God:
Gold:   15         SH:  0    Dex: 10    Spells: 6/9 levels left

rFire    x . .     SeeInvis .   c - +0 short sword
rCold    + . .     Gourm    .   (no shield)
rNeg     + + +     Faith    .   a - +0 robe
rPois    ∞         Spirit   .   b - +0 hat
rElec    .         Reflect  .   (no cloak)
rCorr    .         Harm     .   (no gloves)
MR       .....                  (no boots)
Stlth    ++........             (no amulet)
HPRegen  0.06/turn              (no ring)
MPRegen  0.10/turn              (no ring)

@: no status effects
A: no food or potions, fire vulnerability, cold resistance 1, negative energy
resistance 3, torment resistance, unbreathing
a: no special abilities


You were on level 2 of the Dungeon.
You were not hungry.

You visited 1 branch of the dungeon, and saw 2 of its levels.

You collected 15 gold pieces.

Inventory:

Hand Weapons
 c - a +0 short sword (weapon)
Armour
 a - a +0 robe (worn)
 b - a +0 hat (worn)


   Skills:
 * Level 0.2 Fighting
 * Level 1.5 Dodging
 * Level 1.9 Stealth
 * Level 4.4 Spellcasting
 + Level 0.7 Conjurations
   Level 0.7 Summonings
 + Level 0.7 Translocations


You had 6 spell levels left.
You knew the following spells:

 Your Spells              Type           Power        Failure   Level  Hunger
a - Magic Dart            Conj           #...         11%         1    N/A
b - Blink                 Tloc           N/A          17%         2    N/A

Your spell library contained the following spells:

 Spells                   Type           Power        Failure   Level  Hunger
 Call Imp                 Summ           #.......     17%         2    N/A
 Slow                     Hex            #.......     22%         2    N/A
 Conjure Flame            Conj/Fire      #.......     36%         3    N/A
 Mephitic Cloud           Conj/Pois/Air  #.......     38%         3    N/A

Dungeon Overview and Level Annotations

Branches:
Dungeon (2/15)

Altars:


Innate Abilities, Weirdness & Mutations

You do not eat or drink.
Your flesh is vulnerable to fire.
You are immune to poison.
Your flesh is cold resistant. (rC+)
You are immune to negative energy. (rN+++)
You are immune to unholy pain and torment.
You can survive without breathing.


Message History

The goblin hits you with a +0 club.
* * * LOW HITPOINT WARNING * * *
The leopard gecko hisses angrily.
The kobold throws a stone.
The stone barely misses you.
You see here a stone.
You hit the jackal.
The jackal is severely wounded.
The jackal closely misses you.
The kobold throws a stone.
The stone closely misses you. The jackal barely misses you.
The kobold throws a stone.
The stone hits you but does no damage.
You see here a stone.
There is a stone staircase leading down here.
The leopard gecko barely misses you. x2
You climb downwards.
A frilled lizard and 2 kobolds come into view.
The kobold shouts!
You hear a shout! x2
There is a stone staircase leading up here.
The kobold shouts!
The frilled lizard hisses angrily.
The leopard gecko bites you.
You die...

... ... K. ..
## .#### #.
....#..
#.#.l.....
#.@......#
......l........
..###.....#....
##K.### ...
#... # ##.. ##.
.#


You could see a leopard gecko, 2 kobolds and a frilled lizard.

Vanquished Creatures
  A leopard gecko (D:1)
  2 jackals (D:1)
  A kobold (D:1)
  3 bats (D:1)
  2 rats (D:1)
9 creatures vanquished.

Notes
Turn   | Place    | Note
-------+----------+-------------------------------------------
     0 | D:1      | BlueFish the Mummy Wizard began the quest for the Orb.
     0 | D:1      | Reached XP level 1. HP: 13/13 MP: 5/5
   237 | D:1      | Reached XP level 2. HP: 19/19 MP: 1/7
   241 | D:1      | Learned a level 2 spell: Blink
   272 | D:2      | Slain by a leopard gecko

Levels and vault maps discovered:
D:1:      co_arrival_random_square_maze, layout_rooms, minmay_tall_x
D:2:      layout_loops_cross, ashenzari_altar_1, minmay_strange_pillars,
          hangedman_decor_slide_cut, uniq_sigmund

Action                   || total
-------------------------++-------
Melee: Short sword       ||     9
 Cast: Magic Dart        ||    19
Armor: Robe              ||     3
Dodge: Dodged            ||    18

Table legend:
 A = Non-vault XP
 B = Vault XP
 C = Vault XP percentage of total XP
 D = Non-vault monster count
 E = Vault monster count
 F = Vault count percentage of total count
                 A         B        C        D         E       F
            +---------+---------+-------+---------+---------+-------
      Total |      12 |       3 |  20.0 |       7 |       2 |  22.2
            +---------+---------+-------+---------+---------+-------
        D:1 |      12 |       3 |  20.0 |       7 |       2 |  22.2
            +---------+---------+-------+---------+---------+-------
